 Dungeon Crawl Stone Soup version 0.18.1-48-g4cf74bf (webtiles) character file.

56 Inari the Chopper (level 3, -2/30 HPs)
             Began as a Minotaur Gladiator on Sept 10, 2016.
             Killed from afar by Blork the orc (3 damage)
             ... with a magic dart
             ... on level 3 of the Dungeon.
             The game lasted 00:11:23 (1316 turns).

Inari the Chopper (Minotaur Gladiator)              Turns: 1316, Time: 00:11:23

Health: -2/30      AC: 10    Str: 20    XL:     3   Next: 71%
Magic:  2/2        EV:  8    Int:  5    God:
Gold:   87         SH:  0    Dex: 10    Spells: 0 memorised, 2 levels left

rFire  . . .     SeeInvis .     a - +0 war axe
rCold  . . .     Gourm    .     g - +0 chain mail
rNeg   . . .     Faith    .     (no shield)
rPois  .         Spirit   .     t - +2 hat
rElec  .         Dismiss  .     (no cloak)
rCorr  .         Reflect  .     (no gloves)
SustAt .         Harm     .     (no boots)
MR     .....                    (no amulet)
Stlth  ..........               (no ring)
                                (no ring)

@: not resistant to hostile enchantments, extremely unstealthy
A: retaliatory headbutt, horns 2
a: no special abilities


You were on level 3 of the Dungeon.
You were hungry.

You visited 1 branch of the dungeon, and saw 3 of its levels.

You collected 87 gold pieces.

Inventory:

Hand Weapons
 a - a +0 war axe (weapon)
 e - a +2 dagger of protection
 h - a +0 dagger
 i - a +0 lajatang
 l - a +0 short sword
 u - a +1 dagger of protection
Missiles
 d - 3 throwing nets (quivered)
 n - 39 sling bullets
 p - 29 stones
 s - 23 bolts
Armour
 b - a +0 leather armour
 c - a +0 hat
 g - a +0 chain mail (worn)
 m - a +0 ring mail
 r - a +0 ring mail
 t - a +2 hat (worn)
 w - a +0 leather armour
Scrolls
 k - 3 scrolls of identify {unknown}
 o - 2 scrolls of recharging {unknown}
Potions
 q - a potion of beneficial mutation {unknown}
 v - a potion of degeneration {unknown}
Comestibles
 f - a bread ration
 j - a beef jerky


   Skills:
 + Level 2.9 Fighting
 + Level 4.3 Axes
 + Level 2.2 Throwing
 + Level 1.3 Armour
 + Level 3.9 Dodging


You had 2 spell levels left.
You didn't know any spells.

Dungeon Overview and Level Annotations

Branches:
Dungeon (3/15)

Altars:
Ashenzari
Gozag
Sif Muna

Annotations:
D:3 Blork the orc


Innate Abilities, Weirdness & Mutations

You reflexively headbutt those who attack you in melee.
You have a pair of horns on your head.


Message History

Blork the orc miscasts a cantrip.
Found a deep blue altar of Sif Muna.
There is a deep blue altar of Sif Muna here.
Blork the orc miscasts a cantrip.
Blork the orc screams, "I'll crush all your ribs!
One by one!"
Blork the orc casts a spell at you. The puff of flame hits you!
* * * LOW HITPOINT WARNING * * *
Blork the orc casts a spell at you. The magic dart hits you!
* * * LOW HITPOINT WARNING * * *
Blork the orc is engulfed in a cloud of scalding steam.
Blork the orc points at you and mumbles some strange words.
The puff of frost hits you!
* * * LOW HITPOINT WARNING * * *
Why would you want to do that?
You are feeling hungry.
Blork the orc casts a spell at you. The magic dart hits you!
You die...

##.........## ###..#
#....≈≈≈....# #+#....#
####...≈≈≈≈≈...####...####
###.....≈≈...≈≈.....#...#...
#.......≈≈.>.≈≈..._.#...#...
#.#.....≈≈..o≈≈.....#...#[..
#.####...≈≈≈≈≈...####...####
#.# #....≈≈≈....#.........#
#.# ##....@....##.........#
#.# ##.......####.....##.#
#.########...### ##...## ..
#........##### ##'## #
#######...# #.# #...# # #.#
#.#.##.# ##.## #......#
##...## ###.#########.†...#


You could see Blork the orc.

Vanquished Creatures
  3 adders
  A worm (D:3)
  A giant gecko (D:3)
  A giant cockroach (D:3)
  4 hobgoblins
  5 kobolds
  A quokka (D:2)
  2 ball pythons
  2 bats (D:2)
  5 giant newts
  2 goblins (D:2)
  2 rats (D:3)
29 creatures vanquished.

Notes
Turn   | Place    | Note
--------------------------------------------------------------
     0 | D:1      | Inari the Minotaur Gladiator began the quest for the Orb.
     0 | D:1      | Reached XP level 1. HP: 18/18 MP: 0/0
   372 | D:2      | Reached XP level 2. HP: 25/25 MP: 1/1
   399 | D:2      | Found an opulent altar of Gozag.
   511 | D:2      | Reached skill level 4 in Axes
   655 | D:2      | Reached XP level 3. HP: 30/30 MP: 2/2
   811 | D:2      | Reached skill level 1 in Armour
  1084 | D:3      | Found a shattered altar of Ashenzari.
  1284 | D:3      | Noticed Blork the orc
  1294 | D:3      | Found a deep blue altar of Sif Muna.
  1312 | D:3      | HP: 1/30 [Blork the orc/puff of frost (5)]
  1316 | D:3      | Killed from afar by Blork the orc

Skill      XL: |  1  2  3 |
---------------+----------+-----
Axes           | 4 |  4.3
Armour         | 1 |  1.3
Fighting       | |  2.9
Throwing       | |  2.2
Dodging        | |  3.9

Action                   || total
-------------------------++-------
Melee: War axe           ||    60
       Headbutt          ||     7
  Use: Potion            ||     2
  Eat: Beef jerky        ||     1
Armor: Leather armour    ||     4
       Chain mail        ||    32
Dodge: Dodged            ||    31
